 Dungeon Crawl Stone Soup version 0.30-a0-367-g839099abd5 (webtiles) character file.

Game seed: 3075026665801729913

4587 Conn the Firebug (level 10, -5/66 HPs)
             Began as an Octopode Fire Elementalist on Nov 18, 2022.
             Was a Follower of Sif Muna.
             Slain by a wolf (9 damage)
             ... led by Grum
             ... on level 8 of the Dungeon.
             The game lasted 00:40:26 (8298 turns).

Conn the Firebug (Octopode Fire Elementalist)       Turns: 8298, Time: 00:40:27

Health: -5/66      AC:  2    Str: 11    XL:     10   Next: 41%
Magic:  3/21       EV: 14    Int: 26    God:    Sif Muna [*.....]
Gold:   577        SH:  0    Dex: 11    Spells: 3/24 levels left

rFire   + . .      SeeInvis +    i - +3 dagger "Zufilum" {venom, Str+4}
rCold   + . .      Faith    .    n - orb {guile}
rNeg    . . .      Spirit   .    u - +1 hat
rPois   .          Reflect  .    s - amulet of the acrobat
rElec   .          Harm     .    o - ring of wizardry
rCorr   .          Rampage  .    k - ring of protection from cold
Will    .....      Clarity  +    y - ring of see invisible
Stlth   +++.......               L - ring of protection from fire
HPRegen 0.31/turn                (no ring)
MPRegen 0.17/turn                (no ring)
                                 (no ring)
                                 (no ring)

@: mighty, silenced
A: almost no armour, amphibious, 8 rings, camouflage 1, gelatinous body 1,
(nimble swimmer 1), tentacles, clarity, clever 1, robust 1, evolution 1
a: Renounce Religion


You were on level 8 of the Dungeon.
You worshipped Sif Muna.
Sif Muna was aware of your devotion.
You visited 2 branches of the dungeon, and saw 9 of its levels.
You also visited: Sewer.

You collected 577 gold pieces.

Inventory:

Hand Weapons
 c - a +0 vorpal dagger
 d - a +3 dagger of freezing
 i - the +3 dagger "Zufilum" (weapon) {venom, Str+4}
   (You found it on level 2 of the Dungeon)

   It poisons the flesh of those it strikes.
   Str:       It affects your strength (+4).
Armour
 n - an orb of guile (worn)
 u - a +1 hat (worn)
Magical Staves
 C - a staff of poison
Jewellery
 k - a ring of protection from cold (right tentacle)
 o - a ring of wizardry (left tentacle)
 s - an amulet of the acrobat (around mantle)
 y - a ring of see invisible (on tentacle)
 L - a ring of protection from fire (on tentacle)
Wands
 g - a wand of roots (8)
 G - a wand of digging (3)
 H - a wand of flame (28)
Scrolls
 b - a scroll of summoning
 e - 3 scrolls of immolation
 f - 2 scrolls of teleportation
 h - 2 scrolls of amnesia
 m - a scroll of enchant weapon
 q - a scroll of fog
 r - a scroll of blinking
 z - a scroll of silence
 B - a scroll of fear {unknown}
 D - a scroll of enchant armour {unknown}
 K - a scroll of vulnerability {unknown}
Potions
 a - a potion of magic
 j - 2 potions of flight
 l - a potion of berserk rage {unknown}
 v - a potion of brilliance {unknown}
 w - a potion of resistance {unknown}
 x - a potion of degeneration {unknown}
 A - a potion of mutation
 E - 2 potions of might
 F - a potion of attraction {unknown}
 I - a potion of haste {unknown}
 J - a potion of cancellation {unknown}


   Skills:
 + Level 2.2 Fighting
 + Level 3.4 Short Blades
 + Level 0.1 Staves
 + Level 4.5 Dodging
 + Level 7.6 Stealth
 + Level 7.7 Spellcasting
 + Level 5.8 Conjurations
 + Level 2.2 Hexes
 + Level 0.1 Translocations
 + Level 7.7 Fire Magic
 + Level 1.3 Air Magic
 * Level 0.2 Invocations
 + Level 0.1 Evocations


You had 3 spell levels left.
You knew the following spells:

 Your Spells              Type           Power      Damage    Failure   Level
a - Foxfire               Conj/Fire      100%       2x1d9     1%          1
b - Kindle Blastsparks    Fire/Tloc/Air  52%        2d14      1%          3
c - Inner Flame           Hex/Fire       36%        N/A       1%          3
d - Flame Wave            Conj/Fire      45%        2d12      1%          4
e - Scorch                Fire           100%       2d10      1%          2
f - Hailstorm             Conj/Ice       25%        3d7       2%          3
g - Fireball              Conj/Fire      22%        3d10      4%          5

Your spell library contained the following spells:

 Spells                   Type           Power      Damage    Failure   Level
 Freeze                   Ice            40%        1d6       2%          1
 Tukima's Dance           Hex            21%        N/A       2%          3
 Sublimation of Blood     Necr           10%        N/A       3%          2
 Frozen Ramparts          Ice            20%        1d4       7%          3
 Gell's Gravitas          Tloc           10%        N/A       7%          3
 Teleport Other           Tloc           10%        N/A       7%          3
 Fulminant Prism          Conj/Hex       15%        3d11      4%          4
 Iskenderun's Mystic Bla  Conj/Tloc      25%        2d7       7%          4
 Summon Lightning Spire   Summ/Air       13%        N/A       17%         4
 Irradiate                Conj/Tmut      12%        3d15      19%         5
 Passage of Golubria      Tloc           10%        N/A       22%         4
 Petrify                  Tmut/Erth      10%        N/A       22%         4
 Starburst                Conj/Fire      22%        6d8       22%         6
 Yara's Violent Unravell  Hex/Tmut       7%         3d5       38%         5
 Lee's Rapid Deconstruct  Erth           5%         3d6*      52%         5
 Dispersal                Tloc           5%         N/A       96%         6
 Storm Form               Tmut/Air       6%         N/A       100%        7
 Maxwell's Capacitive Co  Air            8%         ∞         100%        8


Dungeon Overview and Level Annotations

Branches:
Dungeon (8/15)             Temple (1/1) D:6           Sewer (visited)
   Lair: D:8-11

Altars:
Ashenzari
Dithmenos
Elyvilon
Gozag
Hepliaklqana
Kikubaaqudgha
Makhleb
Nemelex Xobeh
Okawaru
Qazlal
Ru
Sif Muna
Trog
Uskayaw
Wu Jian
Xom
Yredelemnul
Zin
The Shining One

Shops:
D:3 (   D:4 ?(((   D:5 *   D:6 (

Annotations:
D:6 twist's ghost, novice GnCA
D:8 Amaemon; Grum


Innate Abilities, Weirdness & Mutations

You cannot wear most types of armour.
You are amphibious.
You can wear up to eight rings at the same time.
Your skin changes colour to match your surroundings (Stealth+).
Your rubbery body absorbs attacks. (AC +1, EV +1)
((You are camouflaged when in or above water. (Stealth+)))
You have tentacles for arms and can constrict up to eight enemies at once.
You possess an exceptional clarity of mind.
Your mind is acute. (Int +4, Str/Dex -1)
You are robust. (+10% HP)
You have hidden genetic potential.


Message History

Okay, then.
Unknown command.
Unknown command.
You feel better. The wolf bites you but does no damage.
Magic scrolls do not work when you're silenced!
Throw: dart (curare)
Press: ? - help, Q - select action, (/) - cycle Shift-Dir - straight line, f - wolf
Aim: a wolf (silenced, 38% to hit)
You throw a curare-tipped dart.
The curare-tipped dart barely misses the wolf.
The curare-tipped dart hits the yak.
The yak is poisoned.
The yak convulses.
The yak seems to slow down.
The yak is almost dead.
The wolf bites you but does no damage. The wolf closely misses you.
It was a potion of mutation.
You feel extremely strange.
You feel robust.
Your thoughts seem clearer.
You feel clever.
You feel a hidden potential growing inside you.
The wolf barely misses you. The wolf misses you.
Okay, then.
Magic scrolls do not work when you're silenced!
Unknown command.
Unknown command.
Unknown command.
Level annotation: Amaemon; Grum Welcome back, Conn the Octopode Fire Elementalist.
Sif Muna whispers: I know many secrets...
Press ? for a list of commands and other information.
It was a potion of might.
You feel very mighty all of a sudden. The wolf closely misses you.
You closely miss the wolf. Your grab misses the wolf. The wolf bites you!
* * * LOW HITPOINT WARNING * * *
The wolf bites you.
* * * LOW HITPOINT WARNING * * *
Okay, then.
Magic scrolls do not work when you're silenced!
Okay, then.
You miss the wolf. You grab the wolf. You constrict the wolf.
The wolf closely misses you. The wolf bites you!
You die...

..# #.# #.# #.# #.# #.#
### #######.# #..
........###############.#
........@hYgh....†.......
...#########.......#.....
.. #.......#.###.
#.......#.# # #.......#.#
.........#..
........###### ........#
........#


You could see Grum, a yak (very poisoned, slow) and 2 wolves.

Vanquished Creatures
  Pikel (D:6)
  Eustachio (D:6)
  3 yaks (D:8)
  A steam dragon (D:5)
  A water moccasin (D:7)
  2 orc warriors
  2 black bears (D:6)
  An ice beast (D:7)
  4 ogres
  A wolf (D:8)
  2 centaurs (D:7)
  A phantom (D:7)
  3 lemures (D:6)
  A kobold brigand (D:5)
  6 bullfrogs
  5 scorpions
  2 wights (D:7)
  2 killer bees (D:7)
  A howler monkey (D:5)
  3 jellies
  4 orc priests
  3 hounds
  A gnoll bouda (D:4)
  5 iguanas
  6 orc wizards
  3 gnolls (D:4)
  12 adders
  2 white imps
  An ufetubus (D:7)
  3 worms
  2 dart slugs
  53 orcs
  16 ball pythons
  5 bats
  12 endoplasms
  9 giant cockroaches
  11 hobgoblins
  5 jackals
  8 kobolds
  15 quokkas
  9 frilled lizards
  9 goblins
  4 rats
241 creatures vanquished.

Vanquished Creatures (collateral kills)
  A kobold brigand (D:7)
  3 wights (D:7)
  A shadow imp (D:7)
  3 kobolds (D:7)
8 creatures vanquished.

Vanquished Creatures (others)
  487 foxfires
487 creatures vanquished.

Grand Total: 736 creatures vanquished

Notes
Turn   | Place    | Note
-------+----------+-------------------------------------------
     0 | D:1      | Conn the Octopode Fire Elementalist began the quest for the
                  | Orb.
     0 | D:1      | Reached XP level 1. HP: 11/11 MP: 3/3
   272 | D:1      | Reached XP level 2. HP: 17/17 MP: 0/5
  1202 | D:2      | Reached XP level 3. HP: 21/21 MP: 1/6
  1262 | D:2      | Identified the +3 dagger "Zufilum" {venom, Str+4}
  1600 | D:2      | Reached XP level 4. HP: 27/27 MP: 3/7
  2506 | D:3      | Found Sokhludef's Antique Weapon Shoppe.
  2601 | D:3      | Found a glowing drain.
  2614 | Sewer    | Entered a sewer
  2620 | Sewer    | Reached XP level 5. HP: 27/31 MP: 9/9
  3041 | Sewer    | Reached skill level 5 in Stealth
  3041 | Sewer    | Reached XP level 6. HP: 36/36 MP: 2/10
  3044 | Sewer    | Reached skill level 1 in Short Blades
  3127 | Sewer    | Learned a level 2 spell: Scorch
  3131 | Sewer    | Learned a level 3 spell: Kindle Blastsparks
  3135 | Sewer    | Learned a level 3 spell: Inner Flame
  3536 | D:4      | Found an ornate altar of the Wu Jian Council.
  3616 | D:4      | Found Amo Aler's Weapon Emporium.
  3791 | D:4      | Found Wovit's Weapon Emporium.
  3815 | D:4      | Reached XP level 7. HP: 39/42 MP: 9/12
  3859 | D:4      | Learned a level 4 spell: Flame Wave
  3879 | D:4      | Found Coacluong's Magic Scroll Shoppe.
  4060 | D:4      | Reached skill level 5 in Fire Magic
  4416 | D:4      | Found Musaal's Antique Weapon Shoppe.
  4495 | D:5      | Entered Level 5 of the Dungeon
  4495 | D:5      | Noticed a steam dragon
  4511 | D:5      | Killed a steam dragon
  4512 | D:5      | Reached skill level 1 in Fighting
  4512 | D:5      | Reached XP level 8. HP: 42/48 MP: 1/14
  4735 | D:5      | Found a runed translucent door.
  4901 | D:5      | Found an opulent altar of Gozag.
  4908 | D:5      | Found Gozag's Platinum Reserve.
  5208 | D:5      | Found a hazy altar of Hepliaklqana.
  5209 | D:5      | Found a shadowy altar of Dithmenos.
  5209 | D:5      | Noticed a shadow
  5281 | D:5      | Learned a level 3 spell: Hailstorm
  5651 | D:5      | Reached skill level 5 in Spellcasting
  5913 | D:6      | Found a staircase to the Ecumenical Temple.
  5922 | Temple   | Entered the Ecumenical Temple
  5932 | Temple   | Became a worshipper of Sif Muna the Loreminder
  6029 | D:6      | Noticed twist's ghost (novice GnCA)
  6030 | D:6      | Found a runed translucent door.
  6094 | D:6      | Found a broken altar of Ashenzari.
  6127 | D:6      | Reached XP level 9. HP: 30/53 MP: 11/17
  6296 | D:6      | Found Suxea's Weapon Shoppe.
  6334 | D:6      | Reached skill level 5 in Conjurations
  6583 | D:6      | Noticed Eustachio
  6594 | D:6      | Killed Eustachio
  6680 | D:6      | Noticed Pikel
  6694 | D:6      | Killed Pikel
  6695 | D:6      | Reached skill level 1 in Hexes
  7392 | D:7      | Reached * piety under Sif Muna
  7481 | D:7      | Reached skill level 1 in Air Magic
  7501 | D:7      | Reached XP level 10. HP: 11/60 MP: 9/20
  7870 | D:7      | Found a shimmering altar of Xom.
  7998 | D:7      | Found a sacrificial altar of Ru.
  8226 | D:8      | Noticed Amaemon
  8226 | D:8      | Noticed an orange demon
  8257 | D:8      | Learned a level 5 spell: Fireball
  8279 | D:8      | Noticed Grum
  8292 | D:8      | HP: 2/60 [wolf[Grum] (9)]
  8295 | D:8      | Gained mutation: You are robust. (+10% HP) [potion of
                  | mutation]
  8295 | D:8      | Gained mutation: You possess an exceptional clarity of
                  | mind. [potion of mutation]
  8295 | D:8      | Gained mutation: Your mind is acute. (Int +4, Str/Dex -1)
                  | [potion of mutation]
  8295 | D:8      | Gained mutation: You have hidden genetic potential. [potion
                  | of mutation]
  8298 | D:8      | Slain by a wolf

Illustrated notes

Levels and vault maps discovered:
D:1:      dreamdust_arrival_beginning_and_end, layout_basic,
          minmay_misc_feat_four_crosses
D:2:      layout_loops_cross, serial_glass, glass_columns_b, glass_columns_a,
          glass_columns_b, glass_columns_c, glass_columns_b, glass_columns_b,
          glass_columns_a, glass_columns_b, st_stairs_10,
          hangedman_abyss_or_decor_lesser_grid
D:3:      layout_rooms, serial_shops, shop_statue, cheibrodos_sewer_entry_bend,
          minmay_starry_boxes
D:4:      layout_gridville, nicolae_wu_jian_wuxing_cycle, serial_shops,
          nicolae_diamond_shop, shop, nicolae_take_the_stairs,
          nicolae_lakefront_shop, minmay_bent
D:5:      layout_rooms, riverfiend_overflow_shadow_ancestor,
          nicolae_gozag_zags_fifth_avenue, lightli_church_of_beogh
D:6:      layout_basic, overflow_temple_1_default, minmay_temple_entry_glass,
          hellmonk_ghost_happy_afterlife, serial_shops,
          nicolae_shop_advertising_works [nicolae_subvault_shop_adworks],
          dreamdust_wishing_well, nicolae_kite_square_tiling_tiny,
          uniq_eustachio, uniq_pikel
D:7:      layout_rooms, lemuel_round_altar, old_standard_altar,
          minmay_alternating_orb
D:8:      layout_basic, mainiacjoe_overflow_alcove_4, uniq_grum, uniq_joseph,
          uniq_amaemon
Temple:   hellmonk_temple_two_chambers

Skill      XL: |  1  2  3  4  5  6  7  8  9 10 |
---------------+-------------------------------+-----
Stealth        | 3 4 5 6 7 |  7.6
Fire Magic     | 4 5 6 7 |  7.7
Conjurations   | 2 3 4 5 |  5.8
Spellcasting   | 3 4 5 7 |  7.7
Short Blades   | 1 2 3 |  3.4
Fighting       | 1 2 |  2.2
Dodging        | 3 4 |  4.5
Hexes          | 2 |  2.2
Air Magic      | 1 |  1.3
Staves         | |  0.1
Translocations | |  0.1
Invocations    | |  0.2
Evocations     | |  0.1

Action                   |  1- 3 |  4- 6 |  7- 9 | 10-12 || total
-------------------------+-------+-------+-------+-------++-------
Melee: Unarmed           |     4 |       |       |       ||     4
       Constrict         |     4 |    21 |    22 |     1 ||    48
       Punch             |     1 |     3 |     2 |     1 ||     7
       Tentacles         |     3 |    17 |    18 |     2 ||    40
       Dagger            |     4 |    87 |    80 |     3 ||   174
       Staff             |       |       |     1 |     5 ||     6
Throw: Dart              |       |       |       |     1 ||     1
 Cast: Foxfire           |    41 |    93 |   126 |    22 ||   282
       Scorch            |       |     1 |    19 |     7 ||    27
       Flame Wave        |       |       |     4 |     6 ||    10
       Inner Flame       |       |       |    11 |     1 ||    12
       Kindle Blastspark |       |       |     4 |     1 ||     5
Evoke: Wand              |       |       |     2 |     1 ||     3
  Use: Scroll            |       |     6 |     3 |     3 ||    12
       Potion            |       |     4 |     2 |     6 ||    12
 Stab: Sleeping          |       |    13 |     5 |       ||    18
       Distracted        |       |     1 |       |       ||     1
Armor: Skin              |     1 |    11 |     9 |    35 ||    56
Dodge: Dodged            |     6 |    67 |   104 |    25 ||   202

Table legend: (Time is in decaauts)
 A = Elapsed time spent in this place.
 B = Non-inter-level travel time spent in this place.
 C = Inter-level travel time spent in this place.
 D = Time resting spent in this place.
 E = Time spent auto-exploring this place.
 F = Levels seen in this place.
 G = Mean time per level.
                   A        B        C        D        E       F      G
               +--------+--------+--------+--------+--------+-----+--------+
         Total |   8287 |   8163 |    124 |    634 |   4714 |  10 |  828.7 |
       Dungeon |   7731 |   7607 |    124 |    400 |   4714 |   8 |  966.4 |
        Temple |     23 |     23 |      0 |      0 |      0 |   1 |   23.0 |
         Sewer |    532 |    532 |      0 |    234 |      0 |   1 |  532.0 |
               +--------+--------+--------+--------+--------+-----+--------+

Top non-repeatable levels by time:
     D:6: 1525 daAuts
     D:4: 1412 daAuts
     D:1: 1195 daAuts
     D:5: 906 daAuts
     D:2: 888 daAuts
     D:7: 859 daAuts
     D:3: 829 daAuts
   Sewer: 532 daAuts
     D:8: 114 daAuts
  Temple: 23 daAuts
